 Dungeon Crawl Stone Soup version 0.32-a0-418-g34023cf50c (webtiles) character file.

Game seed: 11427916856971479204

103924 GordonOverkill the Zephyrmancer (level 15, -19/84 HPs)
             Began as a Spriggan Delver on Feb 20, 2024.
             Was a High Priest of Vehumet.
             Killed from afar by a shock serpent (24 damage)
             ... with a bolt of electricity
             ... on level 1 of the Snake Pit on Feb 21, 2024.
             The game lasted 01:42:35 (41691 turns).

GordonOverkill the Zephyrmancer (Spriggan Delver)  Turns: 41691, Time: 01:42:36

Health: -19/84     AC: 13    Str:  8    XL:     15   Next: 90%
Magic:  5/32       EV: 20    Int: 25    God:    Vehumet [*****.]
Gold:   859        SH:  0    Dex: 17    Spells: 16/38 levels left

rFire   . . .        p - staff of death
rCold   . . .        (shield currently unavailable)
rNeg    + . .        b - +5 steam dragon scales
rPois   .            (helmet restricted)
rElec   .            v - +2 cloak {rCorr}
rCorr   +            (gloves unavailable)
SInv    +            (boots unavailable)
Will    +++..        e - amulet of magic regeneration
Stlth   ++++         F - +6 ring of intelligence
HPRegen 0.34/turn    l - ring of willpower
MPRegen 0.63/turn

%: no passive effects
@: very slightly contaminated, very quick
A: very small, no large weapons, unfitting armour, see invisible, speed 3
a: Renounce Religion


You were on level 1 of the Snake Pit.
You worshipped Vehumet.
Vehumet was extremely pleased with you.
You visited 5 branches of the dungeon, and saw 24 of its levels.
You also visited: Ossuary, Gauntlet and Ice Cave.

You collected 2241 gold pieces.
You spent 1382 gold pieces at shops.

Inventory:

Hand Weapons
 D - a +7 dagger of electrocution
Missiles
 u - 3 throwing nets (quivered)
 L - 9 curare-tipped darts
Armour
 b - +5 steam dragon scales (worn)
 v - a +2 cloak of preservation (worn)
 w - a +0 buckler
 E - a +1 robe of fire resistance
Magical Staves
 p - a staff of death (weapon)
Jewellery
 e - an amulet of magic regeneration (around neck)
 l - a ring of willpower (right hand)
 q - a ring of wizardry
 F - a +6 ring of intelligence (left hand)
 H - a ring of resist corrosion
 S - a ring of wizardry
 V - a +5 ring of evasion
Wands
 g - a wand of digging (3)
 j - a wand of mindburst (2)
 y - a wand of flame (11)
 C - a wand of paralysis (4)
 J - a wand of quicksilver (10)
Scrolls
 c - 3 scrolls of fog
 d - 4 scrolls of revelation
 h - 3 scrolls of immolation
 o - 6 scrolls of identify
 r - a scroll of silence
 x - 6 scrolls of teleportation
 A - a scroll of poison
 B - 3 scrolls of amnesia
 G - 2 scrolls of butterflies
 T - a scroll of vulnerability {unknown}
 U - 2 scrolls of blinking
Potions
 a - a potion of enlightenment
 f - a potion of cancellation
 i - 6 potions of curing
 k - 9 potions of heal wounds
 m - 3 potions of might
 n - 5 potions of lignification
 s - 3 potions of attraction
 t - 2 potions of invisibility
 z - 7 potions of brilliance
 M - a potion of ambrosia
 N - 3 potions of haste
 O - a potion of mutation
 P - a potion of resistance
 Q - 3 potions of berserk rage
 R - 3 potions of magic
Miscellaneous
 I - a lightning rod (4/4)


   Skills:
 - Level 12.0 Fighting
 - Level 2.1 Short Blades
 - Level 6.0 Dodging
 - Level 7.2 Stealth
 - Level 12.0 Spellcasting
 - Level 5.0 Conjurations
 - Level 9.0 Necromancy
 - Level 2.0 Translocations
 - Level 12.0 Fire Magic
 - Level 5.0 Ice Magic
 + Level 12.2 Air Magic
 - Level 3.0 Evocations


You had 16 spell levels left.
You knew the following spells:

 Your Spells              Type           Power      Damage    Failure   Level
a - Magic Dart            Conj           100%       1d8       1%          1
b - Vampiric Draining     Necr           74%        2d11      1%          3
c - Blink                 Tloc           50%        N/A       2%          2
d - Dispel Undead         Necr           74%        3d25      1%          4
e - Plasma Beam           Fire/Air       33%        2x1d46    1%          6
f - Freezing Cloud        Conj/Ice/Air   25%        6-21      1%          5
g - Apportation           Tloc           50%        N/A       1%          1

Your spell library contained the following spells:

 Spells                   Type           Power      Damage    Failure   Level
 Iskenderun's Battlesphe  Conj           40%        2d9       4%          5
 Foxfire                  Conj/Fire      100%       2x1d9     1%          1
 Kiss of Death            Conj/Necr      100%       2d13      1%          1
 Necrotise                Necr           100%       1d9       1%          1
 Sting                    Conj/Alch      100%       1d9       1%          1
 Mercury Vapours          Alch/Air       90%        N/A       1%          2
 Static Discharge         Conj/Air       100%       3-8/arc   1%          2
 Inner Flame              Hex/Fire       45%        N/A       1%          3
 Mephitic Cloud           Conj/Alch/Air  43%        N/A       1%          3
 Airstrike                Air            33%        2d(5-21)  1%          4
 Flame Wave               Conj/Fire      55%        2d13      1%          4
 Sticky Flame             Fire/Alch      45%        2d9       1%          4
 Lesser Beckoning         Tloc           50%        N/A       2%          2
 Curse of Agony           Necr           74%        N/A       2%          5
 Summon Lightning Spire   Summ/Air       45%        N/A       3%          4
 Slow                     Hex            60%        N/A       4%          1
 Summon Small Mammal      Summ           60%        N/A       4%          1
 Gell's Gravitas          Tloc           25%        N/A       5%          3
 Teleport Other           Tloc           25%        N/A       5%          3
 Starburst                Conj/Fire      27%        6d9       5%          6
 Call Imp                 Summ           30%        N/A       6%          2
 Martyr's Knell           Necr/Summ      54%        N/A       6%          4
 Olgreb's Toxic Radiance  Alch           15%        N/A       11%         4
 Confusing Touch          Hex            15%        N/A       12%         3
 Sigil of Binding         Hex            15%        N/A       12%         3
 Tukima's Dance           Hex            15%        N/A       12%         3
 Passage of Golubria      Tloc           25%        N/A       17%         4
 Yara's Violent Unravell  Hex/Alch       7%         3d5       28%         5
 Summon Forest            Summ/Tloc      10%        N/A       58%         5
 Summon Mana Viper        Hex/Summ       15%        N/A       73%         5
 Summon Cactus Giant      Summ           7%         N/A       99%         6


Dungeon Overview and Level Annotations

Branches:
Dungeon (15/15)            Temple (1/1) D:6            Lair (5/5) D:10
 Shoals (0/4) Lair:3        Snake (1/4) Lair:2        Slime (0/5) Lair:5
    Orc (2/2) D:9             Elf (0/3) Orc:2        Vaults (0/5) D:14
 Depths (0/4) D:15        Ossuary (visited)           IceCv (visited)
Gauntlet (visited)

Altars:
Ashenzari
Cheibriados
Dithmenos
Elyvilon
Fedhas
Gozag
Hepliaklqana
Kikubaaqudgha
Makhleb
Nemelex Xobeh
Okawaru
Qazlal
Ru
Sif Muna
Trog
Uskayaw
Vehumet
Wu Jian
Xom
Yredelemnul
Zin
The Shining One
Jiyva

Shops:
D:11 !   D:14 !*   Orc:2 =*([

Annotations:
Lair:1 3 runed translucent doors, Sapher's ghost, novice MDEE
Lair:2 3 runed translucent doors, exclusion: oklob plant, Tune's ghost, journeyman DsEn
Lair:4 Snorg


Innate Abilities, Weirdness & Mutations

You are very small and have problems with some larger weapons.
You are too small for most types of armour.
You have supernaturally acute eyesight. (SInv)
You cover ground extremely quickly. (Speed+++)


Message History

Confirm with . or Enter, or press ? or * to list all spells.
Aiming: Freezing Cloud (dangerous; 1% risk of failure)
Press: ? - help, Dir - move target, f/p - naga sharpshooter
Aim: a naga sharpshooter, wielding a +0 arbalest of electrocution The shock serpent is engulfed in freezing vapours.
The shock serpent shoots out a bolt of lightning at you!
The bolt of electricity hits you!
The shock serpent is engulfed in freezing vapours.
The naga sharpshooter is engulfed in freezing vapours.
Casting: Freezing Cloud (dangerous; 1% risk of failure)
Confirm with . or Enter, or press ? or * to list all spells.
Casting: Plasma Beam (dangerous; 1% risk of failure)
Press: ? - help, Dir - look around, f - activate The bolt of lightning misses the shock serpent.
You hear a sizzling sound!
The shock serpent is engulfed in freezing vapours.
The shock serpent shoots out a bolt of lightning at you!
The bolt of electricity hits you!!
* * * LOW HITPOINT WARNING * * *
The bolt of electricity misses you.
Casting: Plasma Beam (dangerous; 1% risk of failure)
Confirm with . or Enter, or press ? or * to list all spells.
Casting: Plasma Beam (dangerous; 1% risk of failure)
Press: ? - help, Dir - look around, f - activate The bolt of lightning hits the shock serpent.
The shock serpent completely resists.
The shock serpent is heavily wounded.
The fiery plasma hits the shock serpent!!
The shock serpent is almost dead.
You hear a sizzling sound!
You hear an angry hiss.
The shock serpent shoots out a bolt of lightning at you!
The bolt of electricity hits you!!
* * * LOW HITPOINT WARNING * * *
The bolt of electricity hits you!
* * * LOW HITPOINT WARNING * * *
The naga sharpshooter is engulfed in freezing vapours.
The naga sharpshooter shoots a bolt.
The bolt barely misses you.
The shock serpent shoots out a bolt of lightning at you!
The bolt of electricity hits you!!
You die...

.... #.... .....# .....
#§§. ....# ..... #§§#
#...# ......#NS# #...#
......#§.# #...#
#.....'..# #...#
#.)...#..# ####'''#### #
...## #..###...###...#####
. ####..@.'.....##...#...
#.....###......##..#..#
#......# #>......#..#..#
#...###########...#..'...
$...##.............#..'...
#####......⌠......##..#..#
#.............##...#..#
#...################..#
#....## #...##..)..#


You could see a naga sharpshooter and a shock serpent.

Vanquished Creatures
  Jorgrun (D:13)
  A dire elephant (Lair:5)
  Azrael (Orc:2)
  An ettin (Orc:2)
  7 hydras
  Harold (Orc:1)
  4 ogre magi
  A vault guard (D:14)
  Erica (D:9)
  2 catoblepae
  5 boulder beetles
  12 two-headed ogres
  10 centaur warriors
  A deep troll shaman (Lair:5)
  7 death yaks
  A deep troll earth mage (D:15)
  A naga sharpshooter (Snake:1)
  A shock serpent (Snake:1)
  A naga warrior (Snake:1)
  Sonja (Orc:1)
  An iron troll (Orc:2)
  2 skysharks
  A fire crab (Lair:5)
  A glowing orange brain (D:14)
  A deep troll (Orc:2)
  Pikel (D:8)
  A wolf spider (D:15)
  5 orc knights
  7 ugly things
  2 oklob plants (Lair:5)
  3 orc sorcerers
  13 elephants
  6 cyclopes
  4 manticores
  7 black mambas
  A kobold blastminer (Orc:2)
  6 cane toads
  A naga mage (Snake:1)
  Maggie (D:8)
  3 unseen horrors
  A gargoyle (D:13)
  3 rime drakes
  15 komodo dragons
  4 yaktaurs (D:15)
  3 efreet (D:15)
  A tengu conjurer (D:13)
  15 trolls
  5 polar bears
  A hornet (D:7)
  14 blink frogs
  5 dream sheep (Lair:2)
  2 wyverns
  2 shadows (D:11)
  11 slime creatures
  57 yaks
  A wraith (D:9)
  4 fire elementals
  3 wargs
  3 basilisks
  6 vampire mosquitoes
  2 nagas
  5 acid dragons
  14 water moccasins
  A hell hound (Orc:2)
  20 orc warriors
  3 ice beasts
  6 black bears
  29 wolves
  24 ogres
  9 centaurs
  An elf zombie (Ossuary)
  A phantom (D:5)
  A weeping skull (Ossuary)
  A kobold brigand (D:9)
  14 bullfrogs
  2 gnoll sergeants
  2 scorpions (D:6)
  5 wights (D:7)
  19 killer bees
  A vampire bat (Orc:1)
  8 howler monkeys
  A bombardier beetle (D:4)
  A centaur zombie (Ossuary)
  A lava snake (D:14)
  3 jellies
  3 quasits
  6 hounds
  2 gnoll boudas
  13 orc priests
  2 human zombies (Ossuary)
  A spectral scorpion (Ossuary)
  2 sleepcaps
  An iguana (D:6)
  13 orc wizards
  A bullfrog simulacrum (Ossuary)
  2 hound zombies (Ossuary)
  3 mummies (Ossuary)
  19 gnolls
  A river rat (D:6)
  10 adders
  3 shadow imps (D:5)
  3 white imps
  An ufetubus (D:5)
  6 adder zombies (Ossuary)
  4 dart slugs
  65 orcs
  6 endoplasms
  3 giant cockroaches
  2 gnoll zombies (Ossuary)
  6 goblins
  4 hobgoblins
  9 kobolds
  4 quokkas
  5 ball pythons
  5 ball python zombies (Ossuary)
  9 bats
  4 frilled lizards
  3 jackal zombies (Ossuary)
  A kobold zombie (Ossuary)
  4 orc zombies (Ossuary)
  5 rats
688 creatures vanquished.

Vanquished Creatures (others)
  A hydra (D:13)
  An orc (Orc:1)
2 creatures vanquished.

Grand Total: 690 creatures vanquished

Notes
Turn   | Place    | Note
-------+----------+-------------------------------------------
     0 | D:5      | GordonOverkill the Spriggan Delver began the quest for the
                  | Orb.
     0 | D:5      | Reached XP level 1. HP: 11/11 MP: 2/2
    18 | D:5      | Noticed a quasit
    22 | D:5      | Noticed an ice beast
    39 | D:6      | Found a staircase to the Ecumenical Temple.
    41 | D:6      | Noticed a jelly
    48 | Temple   | Entered the Ecumenical Temple
   163 | D:6      | Noticed an orc wizard
   187 | D:7      | Noticed a hound
   233 | D:5      | Noticed an ogre
   369 | D:8      | Noticed Pikel
   369 | D:8      | Noticed a lemure
   369 | D:8      | Noticed a lemure
   369 | D:8      | Noticed a lemure
   369 | D:8      | Noticed a killer bee
   369 | D:8      | Noticed a killer bee
   369 | D:8      | Noticed a killer bee
   370 | D:8      | Noticed a lemure
   388 | D:7      | Found a sand-covered staircase.
   397 | Ossuary  | Entered an ossuary
   449 | Ossuary  | Reached skill level 1 in Spellcasting
   466 | Ossuary  | Learned a level 1 spell: Magic Dart
   486 | Ossuary  | Reached skill level 1 in Conjurations
   486 | Ossuary  | Reached XP level 2. HP: 16/16 MP: 0/4
   613 | Ossuary  | Reached XP level 3. HP: 7/19 MP: 2/7
   732 | Ossuary  | Noticed a spectral scorpion
  1225 | Ossuary  | Reached XP level 4. HP: 23/23 MP: 1/8
  2007 | Ossuary  | Reached XP level 5. HP: 21/27 MP: 1/10
  2785 | Ossuary  | Reached XP level 6. HP: 32/32 MP: 9/12
  3432 | D:5      | Reached XP level 7. HP: 35/35 MP: 2/14
  3526 | D:5      | Reached skill level 5 in Conjurations
  3973 | D:6      | Reached skill level 5 in Spellcasting
  4469 | D:3      | Found a hazy altar of Hepliaklqana.
  4576 | D:3      | Reached skill level 1 in Evocations
  5940 | D:1      | Learned a level 3 spell: Vampiric Draining
  6177 | D:2      | Reached skill level 1 in Necromancy
  7515 | D:4      | Reached XP level 8. HP: 40/40 MP: 4/17
  7865 | D:4      | Found a glowing golden altar of the Shining One.
  8858 | D:5      | Reached skill level 5 in Necromancy
  8932 | D:6      | Learned a level 2 spell: Blink
  8966 | D:6      | Reached skill level 1 in Translocations
  9681 | D:7      | Learned a level 4 spell: Dispel Undead
  9850 | D:7      | Noticed a hornet
  9866 | D:7      | Killed a hornet
  9867 | D:7      | Reached XP level 9. HP: 38/44 MP: 8/19
 10835 | D:7      | Identified the +3 ring mail of Achim {-Tele rF+ rC+++ Will+
                  | rCorr}
 11024 | D:8      | Noticed Maggie
 11044 | D:8      | Killed Maggie
 11045 | D:8      | Reached skill level 5 in Fighting
 11622 | D:8      | Killed Pikel
 11623 | D:8      | Reached XP level 10. HP: 49/51 MP: 11/21
 12838 | D:9      | Learned a level 6 spell: Plasma Beam
 13173 | D:9      | Reached skill level 1 in Fire Magic
 13958 | D:9      | Found a staircase to the Orcish Mines.
 14844 | D:10     | Entered Level 10 of the Dungeon
 14943 | D:10     | Found a radiant altar of Vehumet.
 14966 | D:10     | Found a staircase to the Lair.
 14990 | D:10     | Found a broken altar of Ashenzari.
 14991 | D:10     | Found a sacrificial altar of Ru.
 15060 | D:10     | Reached skill level 1 in Air Magic
 15445 | D:10     | Found an ancient bone altar of Kikubaaqudgha.
 15449 | D:10     | Found a shimmering altar of Xom.
 15488 | D:10     | Found a burning altar of Makhleb.
 15488 | D:10     | Found a shimmering blue altar of Sif Muna.
 15643 | D:10     | Found an opulent altar of Gozag.
 15948 | D:10     | Became a worshipper of Vehumet
 16003 | D:11     | Noticed a cyclops
 16013 | D:11     | Killed a cyclops
 16160 | D:11     | Reached XP level 11. HP: 58/58 MP: 11/22
 16487 | D:11     | Reached skill level 5 in Fire Magic
 16684 | D:11     | Noticed a two-headed ogre
 16718 | D:11     | Killed a two-headed ogre
 16719 | D:11     | Reached skill level 5 in Air Magic
 17024 | D:11     | Found Uganiah's Distillery.
 17027 | D:11     | Bought 2 potions of heal wounds for 130 gold pieces
 17027 | D:11     | Bought a potion of mutation for 104 gold pieces
 17027 | D:11     | Bought a potion of resistance for 130 gold pieces
 17027 | D:11     | Bought 2 potions of lignification for 78 gold pieces
 17027 | D:11     | Bought a potion of attraction for 39 gold pieces
 17359 | D:12     | Reached * piety under Vehumet
 17359 | D:12     | Offered knowledge of Shock by Vehumet.
 17419 | D:12     | Found a gate leading to a gauntlet.
 17484 | Gauntlet | Entered a Gauntlet
 17484 | Gauntlet | Found a transporter.
 17484 | Gauntlet | Found a transporter.
 17484 | Gauntlet | Found a transporter.
 17489 | Gauntlet | Noticed a large abomination
 17491 | Gauntlet | Noticed a large abomination
 17512 | Gauntlet | Found a transporter.
 17518 | Gauntlet | Noticed a large abomination
 17519 | Gauntlet | Noticed a large abomination
 17524 | Gauntlet | Found a transporter.
 17538 | Gauntlet | Found a transporter.
 17550 | Gauntlet | Found a transporter.
 17563 | Gauntlet | Found a transporter.
 17566 | Gauntlet | Found a transporter.
 17583 | Gauntlet | Found a transporter.
 17585 | Gauntlet | Found the +10 Black Knight's barding {ponderous, rPois rN+}
 17588 | Gauntlet | Found a transporter.
 17592 | Gauntlet | Found a transporter.
 17592 | Gauntlet | Noticed a necromancer
 17595 | Gauntlet | Found the amulet of the Air {Inacc Air Fly rElec RMsl}
 17614 | Gauntlet | Noticed a ghost crab
 17866 | Lair:1   | Entered Level 1 of the Lair of Beasts
 18177 | Lair:1   | Noticed a minotaur
 18177 | Lair:1   | Noticed Sapher's ghost (novice MDEE)
 19203 | Lair:1   | Found a runed translucent gate.
 19204 | Lair:1   | Found a runed translucent gate.
 19204 | Lair:1   | Found a runed translucent gate.
 19984 | Lair:2   | Noticed a skyshark
 20285 | Lair:1   | Killed a skyshark
 20444 | Lair:2   | Noticed a death yak
 20601 | Lair:1   | Reached XP level 12. HP: 62/63 MP: 10/23
 20791 | Lair:2   | Found a staircase to the Snake Pit.
 20805 | Lair:2   | Reached ** piety under Vehumet
 20805 | Lair:2   | Offered knowledge of Scorch by Vehumet.
 20985 | Lair:2   | Upgraded the game from 0.32-a0-401-g0bcb2a7693 to
                  | 0.32-a0-418-g34023cf50c
 21167 | Lair:2   | Noticed a death yak
 21189 | Lair:2   | Noticed a death yak
 21356 | Lair:2   | Noticed Tune's ghost (journeyman DsEn)
 21853 | Lair:2   | Found a runed translucent gate.
 21854 | Lair:2   | Found a runed translucent gate.
 21855 | Lair:2   | Found a runed translucent gate.
 21893 | Lair:2   | Found the +18 Lear's hauberk
 22103 | Lair:2   | Killed a death yak
 22130 | Lair:2   | Killed a death yak
 22871 | Lair:2   | HP: 2/63 [poisoned by a black mamba]
 22951 | Lair:3   | Found a frozen archway.
 22960 | IceCv    | Entered an ice cave
 22963 | Lair:3   | Noticed a seven-headed hydra
 23374 | Lair:3   | Offered knowledge of Searing Ray by Vehumet.
 23733 | Lair:2   | Killed a seven-headed hydra
 23734 | Lair:2   | Reached skill level 10 in Fire Magic
 24120 | Lair:3   | Found a staircase to the Shoals.
 24865 | Lair:4   | Noticed a four-headed hydra
 24963 | Lair:3   | Reached *** piety under Vehumet
 25009 | Lair:3   | Reached XP level 13. HP: 61/67 MP: 11/24
 25055 | Lair:4   | Reached skill level 10 in Air Magic
 26016 | Lair:4   | Noticed Snorg
 26018 | Lair:4   | Offered knowledge of Volatile Blastmotes by Vehumet.
 26616 | Lair:4   | Identified the +0 pair of gloves "Piqytug" {^Contam Harm
                  | rPois rN+}
 26637 | Lair:5   | Entered Level 5 of the Lair of Beasts
 27428 | Lair:4   | Reached **** piety under Vehumet
 27602 | Lair:4   | Offered knowledge of Stone Arrow by Vehumet.
 29773 | Lair:5   | Reached XP level 14. HP: 72/72 MP: 7/26
 30119 | Lair:5   | Found a viscous altar of Jiyva.
 30383 | Lair:5   | Found a staircase to the Slime Pits.
 30847 | Lair:5   | Reached skill level 10 in Spellcasting
 31483 | D:12     | Reached ***** piety under Vehumet
 31706 | D:12     | Offered knowledge of Conjure Ball Lightning by Vehumet.
 32465 | D:13     | Noticed Jorgrun
 32468 | D:13     | Killed Jorgrun
 33173 | D:13     | Reached skill level 10 in Fighting
 34264 | D:14     | Found a gate to the Vaults.
 34268 | D:14     | Identified the +0 plate armour of the Black Moon {Harm
                  | Will+ Dex+2}
 34435 | D:14     | Found an opulent altar of Gozag.
 34437 | D:14     | Found Gozag's Platinum Reserve.
 34644 | D:14     | Found Ozuogebb's Distillery.
 35115 | D:14     | Bought a potion of magic for 96 gold pieces
 35228 | D:15     | Entered Level 15 of the Dungeon
 35517 | D:15     | Reached XP level 15. HP: 80/80 MP: 8/32
 35705 | D:14     | Learned a level 5 spell: Freezing Cloud
 36008 | D:15     | Reached skill level 5 in Dodging
 36116 | D:15     | Found a staircase to the Depths.
 36136 | D:15     | Reached skill level 1 in Ice Magic
 37050 | Orc:1    | Entered Level 1 of the Orcish Mines
 37050 | Orc:1    | Noticed Erica
 37256 | D:9      | Killed Erica
 37466 | Orc:1    | Noticed Sonja
 37538 | Orc:1    | Noticed Harold
 37998 | Orc:1    | Offered knowledge of Iskenderun's Battlesphere by Vehumet.
 37999 | Orc:1    | Killed Sonja
 38002 | Orc:1    | Killed Harold
 38003 | Orc:1    | Reached skill level 5 in Ice Magic
 38324 | Orc:2    | Entered Level 2 of the Orcish Mines
 38443 | Orc:2    | Noticed Azrael
 38930 | Orc:2    | Killed Azrael
 39054 | Orc:2    | Found a staircase to the Elven Halls.
 39584 | Orc:2    | Found Hotaar's Antique Weapon Boutique.
 40618 | Orc:2    | Found Nihusic's Jewellery Shop.
 40620 | Orc:2    | Found Cianycs's Armour Shoppe.
 40628 | Orc:2    | Found Lieqeumi's General Store.
 40785 | Orc:2    | Bought a +6 ring of intelligence for 504 gold pieces
 40796 | Orc:2    | Bought a +2 cloak of preservation for 301 gold pieces
 41231 | Snake:1  | Entered Level 1 of the Snake Pit
 41355 | Snake:1  | Learned a level 1 spell: Apportation
 41691 | Snake:1  | Killed from afar by a shock serpent

Illustrated notes

Levels and vault maps discovered:
D:1:      arrival_zaba_pyramid, layout_basic, nicolae_the_louvre
D:2:      layout_basic, lemuel_flame_loot_1
D:3:      layout_loops_ring, nicolae_hepliaklqana_hazy_memory,
          chequers_mini_garden, minmay_misc_feat_roman, grunt_ministairs_4
D:4:      layout_rooms, tso_metal_star
D:5:      layout_gridville, portal_sewer_entry_b, serial_demonic,
          serial_demonic_a, serial_demonic_c, serial_demonic_g,
          serial_demonic_d, serial_demonic_f, serial_demonic_f,
          serial_demonic_a, serial_demonic_e
D:6:      layout_gridville, minmay_temple_entry_overgrown,
          grunt_decor_one_mirror, minmay_misc_feat_four_crosses
D:7:      layout_basic, chequers_ossuary_entry_cave, minmay_misc_feat_x,
          minmay_chambers_of_fives
D:8:      layout_basic, uniq_pikel, uniq_maggie
D:9:      layout_stronghold, orc_0_dummy, nicolae_letterblocks
          [nicolae_letter_subblock, nicolae_letter_subblock,
          nicolae_letter_subblock, nicolae_letter_subblock,
          nicolae_letter_subblock, nicolae_letter_subblock,
          nicolae_letter_subblock, nicolae_letter_subblock,
          nicolae_letter_subblock, nicolae_letter_subblock,
          nicolae_letter_subblock, nicolae_letter_subblock,
          nicolae_letter_subblock, nicolae_letter_subblock,
          nicolae_letter_subblock, nicolae_letter_subblock,
          nicolae_letter_subblock, nicolae_letter_subblock,
          nicolae_letter_subblock, nicolae_letter_subblock,
          nicolae_letter_subblock, nicolae_letter_subblock,
          nicolae_letter_subblock, nicolae_letter_subblock,
          nicolae_letter_subblock]
D:10:     layout_basic, grunt_temple_overflow_open, mainiacjoe_overflow_paths,
          gammafunk_temple_overflow_pools, nicolae_overflow_crystal_walls
D:11:     layout_long_grid, serial_shops, kennysheep_mini
D:12:     layout_basic, gauntlet_entry_generic
D:13:     kennysheep_room_grid, layout_basic, uniq_jorgrun
D:14:     layout_long_grid, hellmonk_vaults_order_and_chaos, serial_library,
          serial_library_hellmonk_hallway_b,
          serial_library_hellmonk_angled_corner,
          serial_library_hellmonk_secret_room,
          serial_library_regret_index_double_sided,
          serial_library_hellmonk_junction, serial_library_hellmonk_room_c,
          serial_library_hellmonk_small_corner,
          serial_library_hellmonk_open_cross, nicolae_gozag_zags_fifth_avenue,
          minmay_misc_feat_columns, minmay_misc_feat_diagonals,
          nicolae_inconvenience_store
D:15:     hellmonk_depths_entry_around_the_bend, layout_irregular_city
Temple:   hc_temple_tempest_star
Lair:1:   layout_cellular_growth, maelrawn_ghost_gauntlet_escape
Lair:2:   layout_cave_pods, guppyfry_snake_entry_island, gammafunk_ghost_icy
Lair:3:   layout_roguey, shoals_dummy_entry, portal_ice_cave_entry_pillars_1,
          minivault_27, lemuel_fruit_fields, grunt_megastairs_4,
          serial_bayou_shore_b, serial_bayou_shore_b
Lair:4:   layout_hall_layers, kennysheep_catoblepas_arena, uniq_snorg
Lair:5:   grunt_lair_end_beastmaster, layout_regular_city,
          minmay_slime_entry_oklob_enclosed
Snake:1:  nicolae_snake_attic_fulla_snakes, layout_gridlike,
          nicolae_integral_box, lemuel_fruit_tree
Orc:1:    layout_caves, roderic_batcave, nicolae_orc_tapped_out, uniq_harold,
          uniq_erica, uniq_sonja
Orc:2:    st_orc_open, layout_diamond_mine, uniq_azrael

Skill      XL: |  1  2  3  4  5  6  7  8  9 10 11 12 13 14 15 |
---------------+----------------------------------------------+-----
Spellcasting   | 1 2 3 4 5 6 7 12 | 12.0
Conjurations   | 1 2 3 4 5 |  5.0
Fighting       | 3 5 7 10 12 | 12.0
Evocations     | 2 3 |  3.0
Necromancy     | 2 6 9 |  9.0
Translocations | 2 |  2.0
Fire Magic     | 4 7 10 12 | 12.0
Air Magic      | 4 7 9 12 | 12.2
Dodging        | 3 6 |  6.0
Ice Magic      | 5 |  5.0
Short Blades   | |  2.1
Stealth        | |  7.2

Action                     |  1- 3 |  4- 6 |  7- 9 | 10-12 | 13-15 || total
---------------------------+-------+-------+-------+-------+-------++-------
  Melee: Short sword       |    67 |    80 |    12 |       |       ||   159
         Dagger            |       |       |     6 |    34 |       ||    40
         Staff             |       |       |       |    29 |    20 ||    49
  Throw: Throwing net      |       |       |       |     1 |       ||     1
   Cast: Magic Dart        |    46 |   172 |   521 |   463 |    25 ||  1227
         Vampiric Draining |       |       |    81 |   414 |    22 ||   517
         Dispel Undead     |       |       |     5 |    14 |       ||    19
         Plasma Beam       |       |       |       |     5 |   578 ||   583
         Blink             |       |       |       |     1 |       ||     1
         Freezing Cloud    |       |       |       |       |    20 ||    20
  Evoke: Lightning rod     |       |       |       |     8 |     2 ||    10
         Wand              |       |       |       |    11 |     5 ||    16
    Use: Scroll            |     1 |       |       |    26 |     9 ||    36
         Potion            |     1 |       |     3 |     3 |     2 ||     9
   Stab: Sleeping          |       |     5 |    10 |     4 |     2 ||    21
 Armour: Robe              |    36 |    36 |   106 |       |       ||   178
         Steam dragon scal |       |       |     7 |   291 |   262 ||   560
         Skin              |       |       |     1 |       |       ||     1
  Dodge: Dodged            |    56 |    65 |   253 |   511 |   348 ||  1233

Table legend: (Time is in decaauts)
 A = Elapsed time spent in this place.
 B = Non-inter-level travel time spent in this place.
 C = Inter-level travel time spent in this place.
 D = Time resting spent in this place.
 E = Time spent auto-exploring this place.
 F = Levels seen in this place.
 G = Mean time per level.
                   A        B        C        D        E       F      G
               +--------+--------+--------+--------+--------+-----+--------+
         Total |  34015 |  32529 |   1486 |  18021 |   8213 |  27 | 1259.8 |
       Dungeon |  17297 |  16515 |    782 |   8213 |   5384 |  15 | 1153.1 |
        Temple |      1 |      1 |      0 |      0 |      0 |   1 |    1.0 |
          Lair |  11140 |  10560 |    580 |   6412 |   2127 |   5 | 2228.0 |
     Snake Pit |    385 |    385 |      0 |    245 |    115 |   1 |  385.0 |
  Orcish Mines |   2775 |   2652 |    123 |   1806 |    453 |   2 | 1387.5 |
       Ossuary |   2268 |   2268 |      0 |   1325 |     47 |   1 | 2268.0 |
      Ice Cave |      2 |      2 |      0 |      0 |      0 |   1 |    2.0 |
      Gauntlet |    143 |    143 |      0 |     19 |     84 |   1 |  143.0 |
               +--------+--------+--------+--------+--------+-----+--------+

Top non-repeatable levels by time:
  Lair:1: 2805 daAuts
  Lair:4: 2517 daAuts
     D:9: 2508 daAuts
  Lair:2: 2332 daAuts
 Ossuary: 2268 daAuts
  Lair:5: 2232 daAuts
     D:7: 1560 daAuts
   Orc:2: 1544 daAuts
    D:13: 1361 daAuts
    D:14: 1322 daAuts
    D:12: 1271 daAuts
  Lair:3: 1252 daAuts
     D:6: 1242 daAuts
   Orc:1: 1231 daAuts
     D:3: 1118 daAuts
